 Dungeon Crawl Stone Soup version 0.29-a0-72-g1732ff48e7 (webtiles) character file.

Game seed: 10968127696035487716

97 porpoise the Sneak (level 4, 0/35 HPs)
             Began as a Demonspawn Brigand on Feb 4, 2022.
             Slain by a gnoll (4 damage)
             ... on level 2 of the Dungeon.
             The game lasted 00:05:06 (2239 turns).

porpoise the Sneak (Demonspawn Brigand)             Turns: 2239, Time: 00:05:07

Health: 0/35       AC:  6    Str: 14    XL:     4   Next: 42%
Magic:  4/4        EV: 11    Int: 12    God:
Gold:   18         SH:  0    Dex: 14    Spells: 3/3 levels left

rFire   . . .      SeeInvis .   a - +2 dagger
rCold   . . .      Faith    .   (no shield)
rNeg    . . .      Spirit   .   m - +0 robe
rPois   .          Reflect  .   (no helmet)
rElec   .          Harm     .   c - +0 cloak
rCorr   .          Rampage  .   i - +0 pair of gloves
Will    .....                   (no boots)
Stlth   +++.......              (no amulet)
HPRegen 0.11/turn               (no ring)
MPRegen 0.09/turn               (no ring)

@: no status effects
A: yellow scales 1, powered by death 1, powered by pain 1
a: no special abilities


You were on level 2 of the Dungeon.
You visited 1 branch of the dungeon, and saw 2 of its levels.

You collected 18 gold pieces.

Inventory:

Hand Weapons
 a - a +2 dagger (weapon)
Missiles
 d - 12 poisoned darts (quivered)
 e - 2 curare-tipped darts
 f - 17 sling bullets
 g - 33 stones
 h - a throwing net
 k - 12 bolts
Armour
 c - a +0 cloak (worn)
 i - a +0 pair of gloves (worn)
 m - a +0 robe (worn)
Scrolls
 b - a scroll of fog {unknown}
 l - a scroll of holy word {unknown}
 n - 2 scrolls of acquirement {unknown}
Potions
 j - 2 potions of heal wounds {unknown}


   Skills:
 * Level 3.3 Fighting
 * Level 3.0 Short Blades
 - Level 1.7 Throwing
 - Level 0.8 Dodging
 + Level 4.1 Stealth


You had 3 spell levels left.
You didn't know any spells.
Your spell library was empty.

Dungeon Overview and Level Annotations

Branches:
Dungeon (2/15)

Altars:

Annotations:
D:2 Sigmund


Innate Abilities, Weirdness & Mutations

You are partially covered in yellow scales. (AC +2)
You regenerate a little health from kills.
You sometimes gain a little power by taking damage.


Message History

The gnoll is almost dead.
The gnoll barely misses you.
You hit the gnoll.
You kill the gnoll!
Your Short Blades skill increases to level 3!
The gnoll barely misses you.
Things that are here:
a +0 whip; 12 gold pieces The gnoll barely misses you.
You hit the gnoll.
The gnoll is lightly wounded.
The gnoll hits you with a +0 spear.
You hit the gnoll.
The gnoll is lightly wounded.
The gnoll hits you with a +0 spear.
You hit the gnoll.
The gnoll is moderately wounded.
The gnoll hits you with a +0 spear.
* * * LOW HITPOINT WARNING * * *
You hit the gnoll but do no damage.
The gnoll is moderately wounded.
You closely miss the gnoll.
The gnoll is moderately wounded.
The gnoll hits you with a +0 spear.
* * * LOW HITPOINT WARNING * * *
You barely miss the gnoll.
The gnoll is moderately wounded.
The gnoll hits you but does no damage.
You completely miss the gnoll.
The gnoll is moderately wounded.
The gnoll hits you with a +0 spear.
* * * LOW HITPOINT WARNING * * *
You hit the gnoll.
The gnoll is heavily wounded.
The gnoll hits you with a +0 spear.
* * * LOW HITPOINT WARNING * * *
You hit the gnoll.
The gnoll is severely wounded.
The gnoll hits you with a +0 spear.
You die...

####......#...
#....#.##...######
#.#### ###......†.
#.. ..........##
##. #...#.#..... #
#. .....#.##.... #
##.... . ####. #
#########..# .. .
### ##....)@g..#
#. . ..#####
##..#####.#......
# #....)###..##
#......P.
#####..#..##
#........ ##.#.##
#...P.... #)#.#
##.P..P.P #...#
..P.... #####
.P..... ...P...


You could see a gnoll.

Vanquished Creatures
  Jessica (D:1)
  An adder (D:2)
  2 gnolls (D:2)
  A dart slug (D:1)
  4 bats
  5 endoplasms
  2 giant cockroaches
  3 goblins
  A hobgoblin (D:1)
  2 jackals
  A quokka (D:2)
  5 ball pythons
  4 frilled lizards
  6 kobolds
  6 rats
44 creatures vanquished.

Vanquished Creatures (others)
  13 plants (D:2)
13 creatures vanquished.

Grand Total: 57 creatures vanquished

Notes
Turn   | Place    | Note
-------+----------+-------------------------------------------
     0 | D:1      | porpoise the Demonspawn Brigand began the quest for the
                  | Orb.
     0 | D:1      | Reached XP level 1. HP: 16/16 MP: 1/1
   196 | D:1      | Gained mutation: You are partially covered in yellow
                  | scales. (AC +2) [demonic ancestry]
   196 | D:1      | Reached XP level 2. HP: 22/22 MP: 2/2
   431 | D:1      | Found a faded altar of an unknown god.
  1111 | D:2      | Gained mutation: You sometimes gain a little power by
                  | taking damage. [demonic ancestry]
  1111 | D:2      | Reached XP level 3. HP: 27/28 MP: 3/3
  1121 | D:2      | Noticed Jessica
  1314 | D:1      | Killed Jessica
  1315 | D:1      | Reached skill level 4 in Stealth
  1632 | D:2      | Gained mutation: You regenerate a little health from kills.
                  | [demonic ancestry]
  1632 | D:2      | Reached XP level 4. HP: 35/35 MP: 4/4
  1748 | D:2      | Noticed Sigmund
  2239 | D:2      | Slain by a gnoll

Illustrated notes

Levels and vault maps discovered:
D:1:      minmay_arrival_four_loops, layout_basic,
          chequers_ecumenical_altar_simple, st_stairs_4, grunt_decor_arrowhead,
          minmay_pentomino_w2
D:2:      layout_rooms, dk_noncrumbling_4, solitary_fountain,
          nicolae_grassy_gnolls, uniq_sigmund, uniq_jessica

Skill      XL: |  1  2  3  4 |
---------------+-------------+-----
Short Blades   | 2 3 |  3.0
Fighting       | 3 |  3.3
Stealth        | 4 |  4.1
Throwing       | |  1.7
Dodging        | |  0.8

Action                   |  1- 3 |  4- 6 || total
-------------------------+-------+-------++-------
Melee: Dagger            |    94 |    63 ||   157
       Punch             |     2 |       ||     2
Throw: Dart              |     2 |       ||     2
 Stab: Sleeping          |    12 |       ||    12
Armor: Robe              |    28 |    19 ||    47
Dodge: Dodged            |    60 |    43 ||   103

Table legend: (Time is in decaauts)
 A = Elapsed time spent in this place.
 B = Non-inter-level travel time spent in this place.
 C = Inter-level travel time spent in this place.
 D = Time resting spent in this place.
 E = Time spent auto-exploring this place.
 F = Levels seen in this place.
 G = Mean time per level.
                   A        B        C        D        E       F      G
               +--------+--------+--------+--------+--------+-----+--------+
         Total |   2221 |   2081 |    140 |    732 |    902 |   2 | 1110.5 |
       Dungeon |   2221 |   2081 |    140 |    732 |    902 |   2 | 1110.5 |
               +--------+--------+--------+--------+--------+-----+--------+

Top non-repeatable levels by time:
     D:1: 1512 daAuts
     D:2: 708 daAuts
